 Dungeon Sprint DCSS version 0.18.1-50-g88ac8fd (webtiles) character file.

800000 Ropoloid1 the Portalist (level 13, -10/129 HPs)
             Began as a Deep Dwarf Warper on Oct 28, 2016.
             Was a Follower of Makhleb.
             Mangled by a meat berserker
             ... wielding a +9 battleaxe
              (68 damage)
             ... in the Dungeon (Sprint VIII: "Arena of Blood").
             The game lasted 00:00:32 (8 turns).

Ropoloid1 the Portalist (Deep Dwarf Warper)            Turns: 8, Time: 00:00:32

Health: -10/129    AC:  3    Str: 18    XL:     13   Next: 71%
Magic:  3/30       EV: 21    Int: 13    God:    Makhleb [*.....]
Gold:   0          SH:  0    Dex: 15    Spells: 1 memorised, 37 levels left

rFire  . . .     SeeInvis .     l - +∞ Axe of Woe
rCold  . . .     Gourm    .     a - +0 leather armour
rNeg   . . .     Faith    .     (shield currently unavailable)
rPois  .         Spirit   .     (no helmet)
rElec  .         Dismiss  .     (no cloak)
rCorr  .         Reflect  .     (no gloves)
SustAt .         Harm     .     (no boots)
MR     +....     NoTele   +     (no amulet)
Stlth  +.........               (no ring)
                                (no ring)

@: non-regenerating, somewhat resistant to hostile enchantments, very unstealthy
A: damage resistance, recharge devices, sense surroundings 2, slow regeneration
3
a: Device Recharging, Renounce Religion


You were in the Dungeon.
You worshipped Makhleb.
Makhleb was aware of your devotion.
You were not hungry.

You visited 1 branch

Inventory:

Hand Weapons
 l - the +∞ Axe of Woe (weapon)
   (You found it in the Dungeon)
Missiles
 d - 5 tomahawks of dispersal (quivered)
Armour
 a - a +0 leather armour (worn)
Wands
 e - a wand of heal wounds (5/9)
Scrolls
 c - 2 scrolls of blinking
Potions
 g - a potion of curing
 h - a potion of heal wounds
 i - a potion of haste
 j - 2 potions of magic
 k - a potion of berserk rage
Books
 b - a book of Spatial Translocations

   Spells                             Type                      Level
   a - Apportation                    Translocation                1
   b - Blink                          Translocation                2
   c - Shroud of Golubria             Charms/Translocation         2
   d - Portal Projectile              Translocation                3
   e - Teleport Other                 Translocation                3
   f - Passage of Golubria            Translocation                4
Comestibles
 f - a bread ration


   Skills:
 + Level 12.0 Fighting
 + Level 4.3 Axes
 + Level 5.0 Throwing
 + Level 5.9 Armour
 + Level 13.9 Dodging
 + Level 11.9 Unarmed Combat
 + Level 13.1 Spellcasting
 + Level 24.9 Translocations


You had 37 spell levels left.
You knew the following spells:

 Your Spells              Type           Power        Failure   Level  Hunger
a - Apportation           Tloc           ######....   0%          1    None


Dungeon Overview and Level Annotations

Branches:
Dungeon (1/1)

Altars:
Makhleb


Innate Abilities, Weirdness & Mutations

You are resistant to damage.
You can recharge devices by infusing magical energy.
You passively map the area around you.
You do not regenerate naturally.


Message History

You have reached level 13!
You slash the bag of meat! You chop the bag of meat into pieces.
You kill the bag of meat!
Makhleb accepts your kill.
You can now gain health from killing.
Your Fighting skill increases to level 12!
Your Axes skill increases to level 4!
Your Throwing skill increases to level 5!
Your Dodging skill increases to level 13!
Your Spellcasting skill increases to level 13!
Your Translocations skill increases to level 24!
You hear a shout! x5
The meat berserker rages.
You hear a shout! x3
The meat berserker hits you with a +9 battleaxe!!!!
Ouch! That really hurt!
You hear a shout! x4
The meat berserker rages.
The meat berserker hits you with a +9 battleaxe!!!
Ouch! That really hurt!
You die...

, * ,,,, * ,, , *
, ...............
* , ,
,............... ,
............O.. ,
, , ,
o............ , ,
....o......o , ,,,
, ,#..O...o#, , ,
, ,, #.....O.# , ,
, ,
.###....@O.###...
,
,......###........
,, ,,
......._.........
,
....#.....#......
*, * .
#_.<._#......,, ,
, , #.....# .O...
, *
....._......... ,
,,
,......###........
, , , .###..
...###..., ,,


You could see 5 meat berserkers and 4 bags of meat.

Vanquished Creatures
  An ogre (D)
  An orc (D)
2 creatures vanquished.

Notes
Turn   | Place    | Note
--------------------------------------------------------------
     0 | D        | Ropoloid1 the Deep Dwarf Warper began the quest for the Orb.
     0 | D        | Reached XP level 1. HP: 19/19 MP: 3/3
     3 | D        | Noticed a bag of meat
     4 | D        | Became a worshipper of Makhleb the Destroyer
     5 | D        | Noticed a bag of meat
     6 | D        | Noticed a bag of meat
     6 | D        | Noticed a meat berserker
     7 | D        | Noticed a bag of meat
     7 | D        | Noticed a meat berserker
     7 | D        | Noticed a meat berserker
     7 | D        | Noticed a meat berserker
     8 | D        | Noticed a bag of meat
     8 | D        | Killed a meat berserker
     8 | D        | Reached skill level 5 in Armour
     8 | D        | Reached skill level 23 in Translocations
     8 | D        | Reached XP level 2. HP: 44/44 MP: 3/15
     8 | D        | Reached XP level 3. HP: 51/51 MP: 3/16
     8 | D        | Reached XP level 4. HP: 60/60 MP: 3/18
     8 | D        | Reached XP level 5. HP: 66/66 MP: 3/19
     8 | D        | Reached XP level 6. HP: 74/74 MP: 3/21
     8 | D        | Reached XP level 7. HP: 81/81 MP: 3/22
     8 | D        | Reached XP level 8. HP: 90/90 MP: 3/24
     8 | D        | Gained mutation: You passively map the area around you. [Deep Dwarf growth]
     8 | D        | Reached XP level 9. HP: 97/97 MP: 3/25
     8 | D        | Reached XP level 10. HP: 104/104 MP: 3/26
     8 | D        | Reached XP level 11. HP: 111/111 MP: 3/27
     8 | D        | Reached XP level 12. HP: 120/120 MP: 3/28
     8 | D        | Reached XP level 13. HP: 127/127 MP: 3/29
     8 | D        | Killed a bag of meat
     8 | D        | Reached * piety under Makhleb
     8 | D        | Reached skill level 5 in Throwing
     8 | D        | Reached skill level 24 in Translocations
     8 | D        | Mangled by a meat berserker

Skill      XL: |  1  2  3  4  5  6  7  8  9 10 11 12 13 |
---------------+----------------------------------------+-----
Fighting       | 11 12 | 12.0
Axes           | 3 4 |  4.3
Throwing       | 4 5 |  5.0
Armour         | 5 |  5.9
Dodging        | 12 13 | 13.9
Unarmed Combat | 11 | 11.9
Spellcasting   | 12 13 | 13.1
Translocations | 23 24 | 24.9

Action                   |  1- 3 |  4- 6 |  7- 9 | 10-12 | 13-15 || total
-------------------------+-------+-------+-------+-------+-------++-------
Melee: Executioner's axe |     1 |       |       |       |       ||     1
